[Event "Rated Rapid game"]
[Site "?"]
[Date "2021.05.30"]
[Round "?"]
[White "Pollo_Patatine"]
[Black "mehdi_2000"]
[Result "1/2-1/2"]
[ECO "C46"]
[WhiteElo "2498"]
[BlackElo "2618"]
[PlyCount "177"]
[EventDate "2021.??.??"]
[EventType "rapid"]
[TimeControl "600"]

1. e4 e5 2. Nc3 Nf6 3. Nf3 Nc6 4. Nxe5 Nxe5 5. d4 Ng6 6. e5 Ng8 7. Bc4 Bb4 8.
Qf3 Qe7 9. O-O Bxc3 10. bxc3 Nh6 11. Bxh6 gxh6 12. Rfe1 O-O 13. Bd3 d6 14. exd6
Qxd6 15. g3 Be6 16. Be4 c6 17. Rab1 Rab8 18. a4 a5 19. Qh5 Bd5 20. Qxh6 Rbe8
21. Bd3 Qf6 22. f4 Rxe1+ 23. Rxe1 Qg7 24. Qxg7+ Kxg7 25. f5 Nh8 26. c4 Bf3 27.
h3 b5 28. axb5 cxb5 29. cxb5 f6 30. Kf2 Ba8 31. c4 Rd8 32. d5 Nf7 33. Re7 Kf8
34. Ra7 Ne5 35. Be2 Rc8 36. Rxa5 Ke7 37. Ra7+ Kd6 38. Ra6+ Kc5 39. Rxf6 Nxc4
40. Bxc4 Kxc4 41. d6 Kxb5 42. Ke3 Kc5 43. Kf4 Kd5 44. g4 Bc6 45. Kg5 Ra8 46. h4
Ra4 47. Rh6 Ke5 48. d7 Bxd7 49. Rxh7 Bc6 50. Re7+ Kd6 51. Re6+ Kd7 52. Kh5 Bf3
53. Rg6 Ke7 54. Rg7+ Kf6 55. Rg6+ Kf7 56. Rg5 Ra8 57. Rg6 Rd8 58. Kg5 Rd4 59.
Kh5 Re4 60. Rg5 Rf4 61. Rg6 Rxf5+ 62. Rg5 Rf4 63. Rg6 Ra4 64. Rg5 Ra8 65. Rf5+
Kg7 66. Rxf3 Ra5+ 67. g5 Ra7 68. Kg4 Ra4+ 69. Rf4 Ra7 70. h5 Rb7 71. h6+ Kg6
72. Rf6+ Kh7 73. Kh5 Rb5 74. Rf7+ Kh8 75. Kg6 Rb6+ 76. Rf6 Rb8 77. Rd6 Rg8+ 78.
Kh5 Rb8 79. Rd5 Rc8 80. g6 Rg8 81. Rd7 Ra8 82. Kg5 Ra5+ 83. Kf6 Ra6+ 84. Kf7
Ra8 85. Re7 Rf8+ 86. Ke6 Ra8 87. Kf6 Ra6+ 88. Kf7 Ra7 89. Rxa7 {Normal} 1/2-1/2

[Event "Rated Rapid game"]
[Site "?"]
[Date "2021.05.30"]
[Round "?"]
[White "Pollo_Patatine"]
[Black "benedictusk"]
[Result "0-1"]
[ECO "C46"]
[WhiteElo "2496"]
[BlackElo "2303"]
[PlyCount "90"]
[EventDate "2021.??.??"]
[EventType "rapid"]
[TimeControl "600"]

1. e4 e5 2. Nc3 Nf6 3. Nf3 Nc6 4. Nxe5 Nxe5 5. d4 Ng6 6. e5 Ng8 7. Bc4 d6 8.
O-O dxe5 9. Qf3 Qf6 10. Qd5 N8e7 11. Qa5 Nc6 12. Bb5 Bd7 13. Nd5 Nxa5 14. Nxf6+
gxf6 15. Bxd7+ Kxd7 16. d5 Bd6 17. a3 b6 18. b4 Nb7 19. c4 Rhg8 20. Be3 Nf4 21.
g3 Ne2+ 22. Kh1 c5 23. Rfe1 Nd4 24. bxc5 Nxc5 25. Bxd4 exd4 26. Red1 Rae8 27.
Rab1 d3 28. Kg2 Re2 29. a4 Ne4 30. Rxd3 Rxf2+ 31. Kh1 Rg6 32. Kg1 Ra2 33. Re1
Bc5+ 34. Kf1 Rf2+ 35. Kg1 Rd2+ 36. Rde3 Bxe3+ 37. Rxe3 f5 38. a5 Rh6 39. axb6
Rxb6 40. Re1 Rbb2 41. Ra1 Rg2+ 42. Kh1 Rxh2+ 43. Kg1 Nxg3 44. Rxa7+ Kd6 45.
Ra6+ Ke5 {Normal} 0-1

[Event "Rated Blitz game"]
[Site "?"]
[Date "2021.05.30"]
[Round "?"]
[White "weeza"]
[Black "baemothblind"]
[Result "0-1"]
[ECO "C46"]
[WhiteElo "2415"]
[BlackElo "2348"]
[PlyCount "74"]
[EventDate "2021.??.??"]
[EventType "blitz"]
[TimeControl "180"]

1. e4 e5 2. Nf3 Nf6 3. Nc3 Nc6 4. Nxe5 Nxe5 5. d4 Ng6 6. e5 Ng8 7. Bc4 Bb4 8.
Qf3 Bxc3+ 9. bxc3 f6 10. O-O d6 11. exd6 Qxd6 12. Re1+ N8e7 13. a4 Kd8 14. Ba3
Qc6 15. Qd3 Nf5 16. d5 Qd7 17. Qf3 Nd6 18. Bd3 Qg4 19. Qe3 Re8 20. Qd2 Bf5 21.
c4 Bxd3 22. cxd3 Nf4 23. g3 Nh3+ 24. Kg2 Ng5 25. Re3 Nf5 26. Rxe8+ Kxe8 27.
Re1+ Kf7 28. Qf4 Qh3+ 29. Kh1 Re8 30. Rg1 Re2 31. Qxc7+ Kg6 32. Qf4 Nd4 33. g4
Ndf3 34. Qg3 Qxg3 35. hxg3 Rxf2 36. Rg2 Rf1+ 37. Rg1 Rxg1# {Normal} 0-1

[Event "Rated Blitz game"]
[Site "?"]
[Date "2021.05.29"]
[Round "?"]
[White "Snowvaz"]
[Black "OtBRedBaron1"]
[Result "0-1"]
[ECO "C46"]
[WhiteElo "2401"]
[BlackElo "2418"]
[PlyCount "70"]
[EventDate "2021.??.??"]
[EventType "blitz"]
[TimeControl "180"]

1. e4 e5 2. Nf3 Nc6 3. Nc3 Nf6 4. Nxe5 Nxe5 5. d4 d6 6. dxe5 dxe5 7. Qxd8+ Kxd8
8. Bg5 c6 9. O-O-O+ Kc7 10. f3 Be6 11. Bxf6 gxf6 12. g4 h5 13. gxh5 Rxh5 14.
Be2 Bh6+ 15. Kb1 Bf4 16. Rdg1 Rah8 17. Rg7 Rxh2 18. Rxh2 Rxh2 19. Rg1 b5 20. a3
Bd2 21. Bd3 Bxc3 22. bxc3 Rf2 23. Rf1 Rxf1+ 24. Bxf1 f5 25. Bd3 fxe4 26. fxe4
Kd6 27. Kc1 Bc4 28. Bxc4 bxc4 29. Kd2 Ke6 30. Ke3 Kf6 31. Kf3 Kg5 32. Kg3 a6
33. a4 a5 34. Kf3 Kh4 35. Ke3 Kg4 {Normal} 0-1

[Event "Rated Blitz game"]
[Site "?"]
[Date "2021.05.29"]
[Round "?"]
[White "PestePorcina"]
[Black "malkomilovich"]
[Result "1-0"]
[ECO "C46"]
[WhiteElo "2413"]
[BlackElo "2401"]
[PlyCount "79"]
[EventDate "2021.??.??"]
[EventType "blitz"]
[TimeControl "180"]

1. e4 e5 2. Nf3 Nc6 3. Nc3 Nf6 4. Nxe5 Nxe5 5. d4 Nc6 6. d5 Ne5 7. f4 Ng6 8. e5
Ng8 9. Bc4 d6 10. O-O dxe5 11. fxe5 Nxe5 12. Qh5 Ng6 13. d6 Nf6 14. Qe2+ Be7
15. dxe7 Qxe7 16. Qf2 O-O 17. Bg5 Be6 18. Rae1 h6 19. Bc1 Ng4 20. Qd4 Qh4 21.
h3 Rad8 22. Qe4 Bxc4 23. Qxc4 Nf6 24. Qb5 b6 25. Qc6 Qd4+ 26. Kh1 Qd7 27. Qf3
c5 28. Qg3 Nh5 29. Qf3 Nf6 30. Rf2 Nh7 31. Ne4 Qd4 32. Ref1 f5 33. Ng3 Ng5 34.
Qh5 Kh7 35. Bxg5 Qxb2 36. Nxf5 Rxf5 37. Rxf5 Qxc2 38. Rf7 Rd2 39. Bxd2 Qxd2 40.
R7f2 {Time forfeit} 1-0

[Event "Rated Rapid game"]
[Site "?"]
[Date "2021.05.29"]
[Round "?"]
[White "GeomtricFire"]
[Black "Desmond88"]
[Result "1-0"]
[ECO "C46"]
[WhiteElo "2452"]
[BlackElo "2337"]
[PlyCount "57"]
[EventDate "2021.??.??"]
[EventType "rapid"]
[TimeControl "600"]

1. e4 e5 2. Nf3 Nc6 3. Nc3 Nf6 4. Nxe5 Nxe5 5. d4 Ng6 6. e5 Ng8 7. Qf3 d5 8.
Qxd5 Be7 9. f4 Qxd5 10. Nxd5 Bd8 11. Nc3 N8e7 12. d5 O-O 13. Bd2 c6 14. d6 Nd5
15. Nxd5 cxd5 16. g3 f6 17. Bg2 fxe5 18. Bxd5+ Kh8 19. fxe5 Nxe5 20. O-O-O Bg4
21. Rde1 Bf6 22. Bc3 Bf3 23. Bxf3 Nxf3 24. Bxf6 Rxf6 25. Re3 Nd4 26. d7 Rd8 27.
Re8+ Rf8 28. Rxd8 Rxd8 29. Re1 {Normal} 1-0

[Event "Rated Blitz tournament 0lAtOZjB"]
[Site "?"]
[Date "2021.05.29"]
[Round "?"]
[White "vovaches"]
[Black "sotirakis"]
[Result "1-0"]
[ECO "C46"]
[WhiteElo "2506"]
[BlackElo "2541"]
[PlyCount "39"]
[EventDate "2021.??.??"]
[EventType "blitz"]
[TimeControl "180+1"]

1. e4 e5 2. Nf3 Nf6 3. Nc3 Nc6 4. Nxe5 Nxe5 5. d4 Bd6 6. dxe5 Bxe5 7. Nb5 c6 8.
Nd6+ Bxd6 9. Qxd6 Nxe4 10. Qe5+ Qe7 11. Qxg7 Nf6+ 12. Be2 Rg8 13. Qh6 Rg6 14.
Qh4 d5 15. Bg5 Bf5 16. O-O-O O-O-O 17. Rhe1 Qe4 18. Bd3 Qg4 19. Bxf6 Bxd3 20.
Bxd8 {Normal} 1-0

[Event "Rated Blitz game"]
[Site "?"]
[Date "2021.05.29"]
[Round "?"]
[White "Niemans"]
[Black "reminor"]
[Result "1-0"]
[ECO "C46"]
[WhiteElo "2403"]
[BlackElo "2326"]
[PlyCount "39"]
[EventDate "2021.??.??"]
[EventType "blitz"]
[TimeControl "180"]

1. e4 e5 2. Nf3 Nc6 3. Nc3 Nf6 4. Nxe5 Nxe5 5. d4 Ng6 6. e5 Ng8 7. Bc4 c6 8.
Qf3 f6 9. O-O d5 10. exd6 Bxd6 11. Re1+ N8e7 12. Ne4 h5 13. h3 Bb4 14. c3 Ba5
15. Nxf6+ gxf6 16. Qxf6 Kd7 17. Bf4 Nxf4 18. Qxf4 Rf8 19. Qe5 Bc7 20. Be6+ {
Normal} 1-0

[Event "Rated Blitz game"]
[Site "?"]
[Date "2021.05.29"]
[Round "?"]
[White "Niemans"]
[Black "VampiroDiMar"]
[Result "0-1"]
[ECO "C46"]
[WhiteElo "2432"]
[BlackElo "2419"]
[PlyCount "36"]
[EventDate "2021.??.??"]
[EventType "blitz"]
[TimeControl "180"]

1. e4 e5 2. Nf3 Nc6 3. Nc3 Nf6 4. Nxe5 Nxe5 5. d4 Ng6 6. e5 Bb4 7. exf6 Qxf6 8.
Bd3 O-O 9. O-O Bxc3 10. bxc3 d6 11. Re1 Bd7 12. Rb1 b6 13. Qf3 Qxf3 14. gxf3
Bc6 15. Be4 Bxe4 16. fxe4 Rae8 17. a4 f5 18. f3 Nh4 {Normal} 0-1

[Event "Rated Blitz game"]
[Site "?"]
[Date "2021.05.29"]
[Round "?"]
[White "SVAlmelo"]
[Black "pulchrum-oculis"]
[Result "1/2-1/2"]
[ECO "C46"]
[WhiteElo "2262"]
[BlackElo "2421"]
[PlyCount "129"]
[EventDate "2021.??.??"]
[EventType "blitz"]
[TimeControl "180"]

1. e4 e5 2. Nf3 Nf6 3. Nc3 Nc6 4. Nxe5 Nxe5 5. d4 Ng6 6. Bc4 Nxe4 7. Bxf7+ Kxf7
8. Nxe4 d5 9. Ng5+ Kg8 10. Qf3 Qe7+ 11. Be3 c6 12. O-O-O Qf6 13. Qg3 Bd6 14. f4
Bxf4 15. Bxf4 Qxf4+ 16. Qxf4 Nxf4 17. Rhf1 Ne6 18. Rde1 h6 19. Nxe6 Bxe6 20.
Rxe6 Kh7 21. Re7 Rhf8 22. Rff7 Rxf7 23. Rxf7 Rb8 24. Kd2 Kg6 25. Rc7 Kf6 26.
Ke3 g5 27. b3 a6 28. c4 h5 29. cxd5 cxd5 30. h3 h4 31. Rd7 Ke6 32. Rg7 Kf6 33.
Rh7 Re8+ 34. Kd3 Re7 35. Rh6+ Kf5 36. Rd6 Kf4 37. Rxd5 Rg7 38. Rd8 Kg3 39. d5
Kxg2 40. d6 Kxh3 41. d7 g4 42. Ke4 g3 43. Kf3 g2 44. Rc8 Re7 45. d8=Q Rf7+ 46.
Ke2 g1=Q 47. Rc3+ Kh2 48. Qd6+ Kh1 49. Qd5+ Qg2+ 50. Qxg2+ Kxg2 51. Rc4 Rf2+
52. Ke3 h3 53. Rg4+ Kf1 54. Rh4 h2 55. a4 Kg1 56. Rg4+ Rg2 57. Rh4 h1=Q 58.
Rxh1+ Kxh1 59. Kd4 Rb2 60. Kc4 Ra2 61. Kb4 b5 62. axb5 axb5 63. Kxb5 Rb2 64. b4
Rxb4+ 65. Kxb4 {Normal} 1/2-1/2

[Event "Rated Blitz game"]
[Site "?"]
[Date "2021.05.29"]
[Round "?"]
[White "Pollo_Patatine"]
[Black "flachlachbesen"]
[Result "0-1"]
[ECO "C46"]
[WhiteElo "2412"]
[BlackElo "2320"]
[PlyCount "82"]
[EventDate "2021.??.??"]
[EventType "blitz"]
[TimeControl "300"]

1. e4 e5 2. Nc3 Nf6 3. Nf3 Nc6 4. Nxe5 Nxe5 5. d4 Ng6 6. e5 Ng8 7. Bc4 d6 8.
Qf3 Be6 9. d5 Bd7 10. e6 Qe7 11. Bg5 f6 12. Be3 Bc8 13. O-O Ne5 14. Qe4 f5 15.
Qd4 Nf6 16. Bf4 Nxc4 17. Qxc4 a6 18. b4 g6 19. b5 Bg7 20. bxa6 Rxa6 21. Nb5 O-O
22. Nxc7 Ra5 23. Nb5 Nxd5 24. Bxd6 Qxe6 25. Bxf8 Bxa1 26. Bh6 Bf6 27. Bd2 Ra6
28. Re1 Qc6 29. Qb3 Be6 30. c4 Nc7 31. Nxc7 Qxc7 32. Qb5 Bxc4 33. Qe8+ Kg7 34.
Bc3 Bf7 35. Bxf6+ Rxf6 36. h3 Bxe8 37. Rxe8 Rd6 38. Re7+ Qxe7 39. f3 Qe2 40.
Kh2 Rd2 41. Kg3 g5 {Time forfeit} 0-1

[Event "Rated Blitz game"]
[Site "?"]
[Date "2021.05.29"]
[Round "?"]
[White "RiskyBlitzer"]
[Black "Spinaltap"]
[Result "1/2-1/2"]
[ECO "C46"]
[WhiteElo "2490"]
[BlackElo "2609"]
[PlyCount "90"]
[EventDate "2021.??.??"]
[EventType "blitz"]
[TimeControl "300"]

1. e4 e5 2. Nc3 Nf6 3. Nf3 Nc6 4. Nxe5 Nxe5 5. d4 Ng6 6. e5 Ng8 7. Bc4 c6 8.
Qf3 d5 9. exd6 Be6 10. d5 cxd5 11. Bb5+ Bd7 12. Qe2+ Be7 13. Nxd5 Kf8 14. dxe7+
N8xe7 15. Nxe7 Qa5+ 16. Bd2 Qxb5 17. Nxg6+ hxg6 18. Qxb5 Bxb5 19. O-O-O Bc6 20.
f3 f6 21. h3 Kf7 22. Rhe1 Rhe8 23. Rxe8 Rxe8 24. Re1 Rxe1+ 25. Bxe1 Ke6 26. Kd2
g5 27. Ke3 Kd5 28. b3 b5 29. Bb4 Bd7 30. g4 Ke6 31. f4 gxf4+ 32. Kxf4 g5+ 33.
Kg3 f5 34. gxf5+ Kxf5 35. Bc5 a6 36. Be3 Bc6 37. c3 Bd5 38. Bd2 a5 39. c4 bxc4
40. bxc4 Bxc4 41. Bxa5 Bxa2 42. Bd2 Bc4 43. Bxg5 Kxg5 44. h4+ Kh5 45. Kf4 Kxh4
{Normal} 1/2-1/2

[Event "Rated Blitz game"]
[Site "?"]
[Date "2021.05.29"]
[Round "?"]
[White "PestePorcina"]
[Black "suslik76"]
[Result "0-1"]
[ECO "C46"]
[WhiteElo "2404"]
[BlackElo "2426"]
[PlyCount "62"]
[EventDate "2021.??.??"]
[EventType "blitz"]
[TimeControl "180"]

1. e4 e5 2. Nf3 Nc6 3. Nc3 Nf6 4. Nxe5 Nxe5 5. d4 Ng6 6. e5 Ng8 7. f4 d5 8. Bd3
Nh6 9. O-O Bf5 10. Bxf5 Nxf5 11. g4 Nfh4 12. f5 c6 13. fxg6 hxg6 14. Qe1 Qd7
15. h3 O-O-O 16. Qf2 f5 17. gxf5 Nxf5 18. Bg5 Be7 19. Qg2 Bxg5 20. Qxg5 Rxh3
21. Kf2 Rdh8 22. Ke1 Nxd4 23. Qxg6 Rh2 24. Kd1 Qh3 25. Re1 Qf3+ 26. Kc1 Rxc2+
27. Kb1 Qf2 28. Ne2 Rxe2 29. Qg4+ Kb8 30. Rxe2 Qf1+ 31. Re1 Qxe1+ {Time forfeit
} 0-1

[Event "Rated Rapid game"]
[Site "?"]
[Date "2021.05.29"]
[Round "?"]
[White "nwb14"]
[Black "Radu_Fabian"]
[Result "0-1"]
[ECO "C46"]
[WhiteElo "2440"]
[BlackElo "2514"]
[PlyCount "42"]
[EventDate "2021.??.??"]
[EventType "rapid"]
[TimeControl "600"]

1. e4 e5 2. Nf3 Nc6 3. Nc3 Nf6 4. Nxe5 Nxe5 5. d4 Nc6 6. d5 Ne5 7. f4 Ng6 8. e5
Bc5 9. exf6 O-O 10. Be2 Re8 11. fxg7 Qh4+ 12. g3 Qh3 13. b4 Bxb4 14. Bb2 Nxf4
15. gxf4 Bxc3+ 16. Bxc3 Qxc3+ 17. Kf2 Qe3+ 18. Kf1 d6 19. Qd3 Bh3+ 20. Ke1 Qxd3
21. cxd3 Bg4 {Normal} 0-1

[Event "Rated Blitz tournament 8puZKWLX"]
[Site "?"]
[Date "2021.05.28"]
[Round "?"]
[White "edrturuqi"]
[Black "LandiPasku1111"]
[Result "1-0"]
[ECO "C46"]
[WhiteElo "2472"]
[BlackElo "2586"]
[PlyCount "47"]
[EventDate "2021.??.??"]
[EventType "blitz"]
[TimeControl "180"]

1. e4 e5 2. Nc3 Nc6 3. Nf3 Nf6 4. Nxe5 Nxe5 5. d4 Nc6 6. d5 Nb8 7. e5 Be7 8.
exf6 Bxf6 9. Bd3 d6 10. O-O O-O 11. Ne4 Nd7 12. c4 h6 13. Bf4 Ne5 14. Re1 Nxd3
15. Qxd3 Bxb2 16. Rab1 Bf6 17. Re3 Bf5 18. Rg3 Bxe4 19. Qxe4 Re8 20. Qd3 Kf8
21. Qh7 Re4 22. Qxe4 Qd7 23. Re1 Kg8 24. Bxh6 {Normal} 1-0

[Event "Rated Blitz game"]
[Site "?"]
[Date "2021.05.28"]
[Round "?"]
[White "Niemans"]
[Black "Kastling"]
[Result "1-0"]
[ECO "C46"]
[WhiteElo "2413"]
[BlackElo "2368"]
[PlyCount "25"]
[EventDate "2021.??.??"]
[EventType "blitz"]
[TimeControl "180"]

1. e4 e5 2. Nf3 Nc6 3. Nc3 Nf6 4. Nxe5 Nxe5 5. d4 Ng6 6. e5 Ng8 7. Bc4 d6 8.
Qf3 Be6 9. Qxb7 Bxc4 10. Qc6+ Ke7 11. Qxc4 c5 12. exd6+ Qxd6 13. O-O {Normal}
1-0

[Event "Rated Blitz game"]
[Site "?"]
[Date "2021.05.28"]
[Round "?"]
[White "GoughPhar"]
[Black "juniortay"]
[Result "1-0"]
[ECO "C46"]
[WhiteElo "2460"]
[BlackElo "2413"]
[PlyCount "49"]
[EventDate "2021.??.??"]
[EventType "blitz"]
[TimeControl "180"]

1. e4 e5 2. Nf3 Nf6 3. Nc3 Nc6 4. Nxe5 Bc5 5. Nf3 d5 6. exd5 Nd4 7. Nxd4 Bxd4
8. Bc4 O-O 9. O-O Ng4 10. Ne4 Qh4 11. h3 Re8 12. Qe2 Bf5 13. d3 Bxe4 14. dxe4
Ne5 15. c3 Bb6 16. Bb3 Rad8 17. Bc2 Rd6 18. Be3 Rg6 19. Kh1 f5 20. Bxb6 axb6
21. exf5 Rh6 22. Rae1 b5 23. Qxe5 Rxe5 24. Rxe5 Kf7 25. Bb3 {Time forfeit} 1-0

[Event "Rated Blitz game"]
[Site "?"]
[Date "2021.05.27"]
[Round "?"]
[White "Miqo2143"]
[Black "chessforthemasses"]
[Result "0-1"]
[ECO "C46"]
[WhiteElo "2507"]
[BlackElo "2506"]
[PlyCount "52"]
[EventDate "2021.??.??"]
[EventType "blitz"]
[TimeControl "180"]

1. e4 e5 2. Nf3 Nc6 3. Nc3 Nf6 4. Nxe5 Nxe5 5. d4 Ng6 6. e5 Ng8 7. Bc4 d6 8.
Qf3 Qd7 9. O-O f6 10. exd6 Bxd6 11. Re1+ Kf8 12. Bd2 Qg4 13. Qd5 Qd7 14. Re2 c6
15. Qf3 N8e7 16. Rae1 Qc7 17. g3 h5 18. Ne4 Bg4 19. Ng5 Bxf3 20. Ne6+ Ke8 21.
Nxc7+ Bxc7 22. Re3 Bd5 23. Bxd5 cxd5 24. Bb4 Bd8 25. c4 Kf7 26. f4 dxc4 {Normal
} 0-1

[Event "Rated Blitz game"]
[Site "?"]
[Date "2021.05.27"]
[Round "?"]
[White "weeza"]
[Black "alasaeid"]
[Result "1/2-1/2"]
[ECO "C46"]
[WhiteElo "2423"]
[BlackElo "2295"]
[PlyCount "139"]
[EventDate "2021.??.??"]
[EventType "blitz"]
[TimeControl "180"]

1. e4 e5 2. Nf3 Nc6 3. Nc3 Nf6 4. Nxe5 Nxe5 5. d4 Ng6 6. e5 Qe7 7. Be2 Nxe5 8.
dxe5 Qxe5 9. O-O Be7 10. Be3 O-O 11. Bd4 Qg5 12. Bf3 c6 13. Re1 Bb4 14. Qd3 d5
15. a3 Bf5 16. Qe3 Qxe3 17. Rxe3 Bd6 18. Bxf6 gxf6 19. Rae1 Bxc2 20. Ne2 Bg6
21. Ng3 Bxg3 22. hxg3 d4 23. Re7 Rab8 24. Rd7 Rfd8 25. Ree7 d3 26. Bd1 Kf8 27.
f4 h5 28. Kf2 c5 29. b3 b5 30. Rxa7 c4 31. f5 Bxf5 32. Rxf7+ Kg8 33. Rxf6 Rf8
34. Rxf8+ Kxf8 35. Rc7 Be6 36. Rc6 Ke7 37. Bxh5 Ra8 38. bxc4 bxc4 39. Ke3 Rxa3
40. Kd4 d2 41. Bd1 Ra1 42. Bf3 d1=Q+ 43. Bxd1 Rxd1+ 44. Ke5 Re1+ 45. Kd4 Kd7
46. Ra6 Re2 47. Ra3 Rxg2 48. Ke5 Re2+ 49. Kd4 Kd6 50. Ra6+ Kc7 51. Ra3 Kb6 52.
Re3 Rxe3 53. Kxe3 Kc5 54. Kf4 c3 55. Ke5 c2 56. Kxe6 c1=Q 57. Kf5 Qh6 58. g4
Qg7 59. g5 Kd6 60. g6 Ke7 61. Kg5 Ke6 62. Kh5 Kf6 63. Kg4 Qxg6+ 64. Kf4 Ke6 65.
Kf3 Qf5+ 66. Ke3 Kd5 67. Ke2 Qe4+ 68. Kd2 Qc4 69. Ke3 Qd4+ 70. Kf3 {Time
forfeit} 1/2-1/2

[Event "Rated Blitz game"]
[Site "?"]
[Date "2021.05.27"]
[Round "?"]
[White "Salimskyi"]
[Black "lord_barre"]
[Result "1-0"]
[ECO "C46"]
[WhiteElo "2462"]
[BlackElo "2431"]
[PlyCount "151"]
[EventDate "2021.??.??"]
[EventType "blitz"]
[TimeControl "180"]

1. e4 e5 2. Nf3 Nc6 3. Nc3 Nf6 4. Nxe5 Nxe5 5. d4 Ng6 6. e5 Ng8 7. Bc4 d6 8.
Qf3 Qd7 9. O-O Qf5 10. Qg3 h5 11. Bd3 Qg4 12. Qxg4 Bxg4 13. f4 dxe5 14. fxe5 c6
15. Ne4 O-O-O 16. Be3 N8e7 17. Rxf7 Nf5 18. Rxf5 Bxf5 19. Nd6+ Bxd6 20. Bxf5+
Kc7 21. Bxg6 Be7 22. c4 h4 23. h3 b5 24. c5 Rhf8 25. Rf1 Rxf1+ 26. Kxf1 Rf8+
27. Ke2 Kd7 28. Be4 g5 29. Bf3 a5 30. Kd3 Kc7 31. Ke4 a4 32. a3 Rb8 33. Bd2 Rf8
34. Ba5+ Kb7 35. Bd2 Kc7 36. Be3 Rb8 37. d5 cxd5+ 38. Kxd5 b4 39. axb4 Rxb4 40.
Bd4 Rb3 41. e6 Kd8 42. Be5 Rd3+ 43. Kc4 Rd2 44. c6 Bd6 45. Bxd6 Rxd6 46. Kc5
Kc7 47. Bd5 Rd8 48. e7 Re8 49. Kb5 Rxe7 50. Kxa4 Re2 51. Bf3 Rd2 52. b4 Ra2+
53. Kb3 Ra1 54. b5 Rb1+ 55. Kc4 Rc1+ 56. Kd4 Rb1 57. Ke5 Rxb5+ 58. Kf6 Rb6 59.
Kg6 Rxc6+ 60. Bxc6 Kxc6 61. Kxg5 Kd6 62. Kxh4 Ke7 63. Kg5 Kf8 64. h4 Kg8 65. h5
Kh8 66. h6 Kg8 67. Kh5 Kh8 68. g4 Kg8 69. g5 Kh8 70. g6 Kg8 71. Kg5 Kh8 72. Kf6
Kg8 73. g7 Kh7 74. Kf7 Kxh6 75. g8=Q Kh5 76. Qg3 {Time forfeit} 1-0

[Event "Rated Blitz game"]
[Site "?"]
[Date "2021.05.27"]
[Round "?"]
[White "GoughPhar"]
[Black "LeRoiCafard"]
[Result "1-0"]
[ECO "C46"]
[WhiteElo "2451"]
[BlackElo "2329"]
[PlyCount "59"]
[EventDate "2021.??.??"]
[EventType "blitz"]
[TimeControl "180"]

1. e4 e5 2. Nf3 Nc6 3. Nc3 Nf6 4. Nxe5 Nxe5 5. d4 Nc6 6. d5 Ne5 7. f4 Ng6 8. e5
Ng8 9. d6 cxd6 10. exd6 Qf6 11. Nb5 Kd8 12. Be3 Nxf4 13. Qd2 Ne6 14. Bc4 Qh4+
15. g3 Qxc4 16. a4 Nf6 17. b3 Qc6 18. O-O-O Ne4 19. Qb4 b6 20. Rhe1 Bb7 21. a5
Rc8 22. c4 Ra8 23. Kb2 N4c5 24. Qc3 a6 25. Nc7 Nxc7 26. dxc7+ Kxc7 27. axb6+
Kxb6 28. b4 Kc7 29. Bf4+ Kc8 30. Re8# {Normal} 1-0

[Event "Rated Blitz game"]
[Site "?"]
[Date "2021.05.27"]
[Round "?"]
[White "Ankit2503"]
[Black "zagros20211"]
[Result "1-0"]
[ECO "C46"]
[WhiteElo "2351"]
[BlackElo "2439"]
[PlyCount "83"]
[EventDate "2021.??.??"]
[EventType "blitz"]
[TimeControl "180"]

1. e4 e5 2. Nf3 Nc6 3. Nc3 Nf6 4. Nxe5 Nxe5 5. d4 Ng6 6. e5 Ng8 7. Bc4 d6 8.
Qf3 Qe7 9. Nd5 Qd8 10. Nb6 Be6 11. Bxe6 fxe6 12. Nxa8 Qxa8 13. h4 Be7 14. h5
Nf8 15. Be3 d5 16. c4 c6 17. cxd5 Bb4+ 18. Bd2 Bxd2+ 19. Kxd2 exd5 20. Rae1 Ne6
21. Qg4 Qc8 22. f4 Qd7 23. f5 Nf8 24. e6 Qe7 25. Qf4 Qd8 26. h6 gxh6 27. f6
Qxf6 28. Qb8+ Qd8 29. Qxb7 Ne7 30. Rhf1 Nfg6 31. Qxa7 Rf8 32. Rxf8+ Kxf8 33.
Rf1+ Kg8 34. Qd7 Qa5+ 35. Kc1 Qa8 36. Rf7 Qb8 37. Rxe7 Qf4+ 38. Kc2 Qe4+ 39.
Kb3 Qxd4 40. Re8+ Nf8 41. Qf7+ Kh8 42. Rxf8# {Normal} 1-0

[Event "Rated Blitz tournament tCr8yDuw"]
[Site "?"]
[Date "2021.05.27"]
[Round "?"]
[White "Starinov"]
[Black "gabicaeg"]
[Result "1-0"]
[ECO "C46"]
[WhiteElo "2430"]
[BlackElo "2273"]
[PlyCount "85"]
[EventDate "2021.??.??"]
[EventType "blitz"]
[TimeControl "180"]

1. e4 e5 2. Nf3 Nc6 3. Nc3 Nf6 4. Nxe5 Nxe5 5. d4 Ng6 6. e5 Ng8 7. Bc4 d6 8.
Qf3 Qd7 9. O-O dxe5 10. dxe5 c6 11. Re1 Qc7 12. Bg5 Be6 13. Bxe6 fxe6 14. Rad1
Be7 15. Bc1 Nh6 16. Bxh6 gxh6 17. Qh5 O-O 18. Qxh6 Rf5 19. g3 Bc5 20. Ne4 Qb6
21. Rd7 Ne7 22. Qxe6+ Kf8 23. Rxe7 Rxf2 24. Kh1 Bxe7 25. Qh6+ Kg8 26. Qe6+ Kf8
27. Nf6 Bxf6 28. exf6 Qc5 29. Rd1 Re8 30. Qg4 Rxf6 31. Qh4 Qf5 32. Qb4+ Kf7 33.
Qb3+ Ree6 34. Kg2 Qf2+ 35. Kh1 Qf3+ 36. Qxf3 Rxf3 37. Rd7+ Kf6 38. Rd1 Re2 39.
Rd6+ Ke5 40. Rd1 Rff2 41. Kg1 Rg2+ 42. Kf1 Rxh2 43. Rd5+ {Time forfeit} 1-0

[Event "Rated Blitz game"]
[Site "?"]
[Date "2021.05.27"]
[Round "?"]
[White "PestePorcina"]
[Black "King_Moaty"]
[Result "0-1"]
[ECO "C46"]
[WhiteElo "2423"]
[BlackElo "2370"]
[PlyCount "50"]
[EventDate "2021.??.??"]
[EventType "blitz"]
[TimeControl "180"]

1. e4 e5 2. Nf3 Nc6 3. Nc3 Nf6 4. Nxe5 Nxe5 5. d4 Ng6 6. e5 Ng8 7. f4 d6 8. Bc4
c6 9. O-O Nh6 10. f5 Nxf5 11. g4 Nh6 12. Bxh6 d5 13. Nxd5 cxd5 14. Bb5+ Bd7 15.
Bxd7+ Qxd7 16. Bg5 h5 17. h3 hxg4 18. hxg4 Be7 19. Rf5 O-O-O 20. Qe2 Qe6 21. b3
Bxg5 22. Rxg5 Nf4 23. Qf3 Nh3+ 24. Kg2 Nxg5 25. Qc3+ Kb8 {Normal} 0-1

[Event "Rated Blitz game"]
[Site "?"]
[Date "2021.05.27"]
[Round "?"]
[White "Salimskyi"]
[Black "Pepsi_Ymbi"]
[Result "1/2-1/2"]
[ECO "C46"]
[WhiteElo "2466"]
[BlackElo "2346"]
[PlyCount "120"]
[EventDate "2021.??.??"]
[EventType "blitz"]
[TimeControl "180"]

1. e4 e5 2. Nf3 Nc6 3. Nc3 Nf6 4. Nxe5 Nxe5 5. d4 Ng6 6. e5 Ng8 7. Bc4 c6 8.
Qf3 d5 9. exd6 Nf6 10. Bg5 Bxd6 11. Bxf6 Qxf6 12. Qxf6 gxf6 13. Ne4 Be7 14.
O-O-O f5 15. Ng3 O-O 16. Rhe1 Bg5+ 17. Kb1 Bd7 18. Nh5 Rae8 19. g3 Rxe1 20.
Rxe1 Re8 21. Rxe8+ Bxe8 22. f4 Be7 23. c3 Bd7 24. Kc2 Be6 25. b3 Nf8 26. h3 b5
27. Be2 Bd5 28. Bd3 Bf3 29. g4 fxg4 30. hxg4 Bxg4 31. Ng3 Bd6 32. Nf5 Bxf5 33.
Bxf5 Bxf4 34. Be4 Ne6 35. Bxc6 Nc7 36. Kd3 f5 37. Bd7 Bd6 38. Bxf5 Kg7 39. c4
bxc4+ 40. bxc4 h5 41. c5 Be7 42. Kc4 Kf6 43. Bh3 Bf8 44. a4 a6 45. Bc8 h4 46.
d5 Ke5 47. d6 Bxd6 48. cxd6 Kxd6 49. Kb4 Kc6 50. Ka5 Kc5 51. Bd7 Kd6 52. Bh3
Kc5 53. Bg2 Ne6 54. Kxa6 Nf4 55. Bf3 Nd3 56. a5 Nb4+ 57. Kb7 Kb5 58. a6 Nxa6
59. Be2+ Kc5 60. Kxa6 h3 {Normal} 1/2-1/2

[Event "Rated Blitz game"]
[Site "?"]
[Date "2021.05.27"]
[Round "?"]
[White "ljdr"]
[Black "compte_galere"]
[Result "1-0"]
[ECO "C46"]
[WhiteElo "2458"]
[BlackElo "2461"]
[PlyCount "65"]
[EventDate "2021.??.??"]
[EventType "blitz"]
[TimeControl "180"]

1. e4 e5 2. Nf3 Nf6 3. Nc3 Nc6 4. Nxe5 Nxe5 5. d4 Ng6 6. e5 Ng8 7. Bc4 Bb4 8.
Qf3 Qe7 9. h4 Bxc3+ 10. bxc3 d5 11. Bxd5 c6 12. Bg5 f6 13. Bxc6+ bxc6 14. Qxc6+
Kf7 15. Qxa8 fxg5 16. Qxc8 Nh6 17. Qc4+ Kf8 18. hxg5 Qxg5 19. Rb1 Qxg2 20. Qc8+
Ke7 21. Rb7+ Qxb7 22. Qxb7+ Ke6 23. Qxg7 Ng4 24. Rg1 Nh2 25. Rxg6+ hxg6 26.
Qf6+ Kd5 27. Qxh8 Nf3+ 28. Ke2 Ng5 29. Kd3 Ne4 30. c4+ Ke6 31. Kxe4 g5 32. Qg7
g4 33. d5# {Normal} 1-0